 Dungeon Crawl Stone Soup version 0.31-a0-574-g69dc8cc98e (webtiles) character file.

Game seed: 4765071932166701406

2792 night the Grappler (level 9, -1/70 HPs)
             Began as a Vine Stalker Shapeshifter on Aug 18, 2023.
             Was an Elder of Dithmenos.
             Killed from afar by an electric eel (6 damage)
             ... with a bolt of electricity
             ... in a bailey.
             The game lasted 00:14:23 (5427 turns).

night the Grappler (Vine Stalker Shapeshifter)      Turns: 5427, Time: 00:14:24

Health: -1/70      AC: 24    Str: 19 (21) XL:     9   Next: 71%
Magic:  0/13       EV:  2    Int:  7 (8)  God:    Dithmenos [****..]
Gold:   381        SH:  0    Dex: 14 (16) Spells: 8/8 levels left

rFire   . .          .
                       - Unarmed
rCold   . . .        (no shield)
rNeg    . . .        q - melded +0 scale mail
rPois   +            w - melded +2 helmet
rElec   .            a - melded +0 cloak of Lyg Qehe {Contam Will+ Str+7 Dex+2}
rCorr   .            (gloves currently unavailable)
SInv    .            A - melded +1 pair of boots
Will    +....        l - amulet of the acrobat
Stlth   ++           (no ring)
HPRegen 1.11/turn    (no ring)
MPRegen 0.13/turn

%: acrobat, guardian spirit
@: tree-form, wreathed by umbra, very slow
A: stationary, stasis, torment immunity, boosted hp, (fangs 3), regeneration 1,
magic shield, (antimagic bite), no potion heal 2
a: Renounce Religion, Shadow Step


You were in a bailey.
You worshipped Dithmenos.
Dithmenos was greatly pleased with you.
You were a tree.
You visited 1 branch of the dungeon, and saw 8 of its levels.
You also visited: Bailey.

You collected 381 gold pieces.

Inventory:

Missiles
 e - 5 silver javelins
 f - 94 stones
 t - 6 curare-tipped darts
 x - 22 poisoned darts
 y - 2 throwing nets
 z - 7 boomerangs
Armour
 a - the +0 cloak of Lyg Qehe (melded) {Contam Will+ Str+7 Dex+2}
   (You acquired it on level 7 of the Dungeon)

   Str+7:     It affects your strength (+7).
   Dex+2:     It affects your dexterity (+2).
   Will+:     It increases your willpower.
   Contam:    It causes magical contamination when unequipped.
 q - a +0 scale mail (melded)
 w - a +2 helmet (melded)
 A - a +1 pair of boots (melded)
Jewellery
 l - an amulet of the acrobat (around neck)
 m - a ring of wizardry
Talismans
 c - a beast talisman
 d - a flux talisman
Scrolls
 j - 5 scrolls of identify
 n - 2 scrolls of blinking
 p - a scroll of summoning {unknown}
 r - 2 scrolls of fog {unknown}
 s - 3 scrolls of enchant weapon {unknown}
 v - 3 scrolls of teleportation {unknown}
 E - a scroll of noise {unknown}
 H - a scroll of poison {unknown}
Potions
 g - a potion of degeneration
 h - a potion of attraction {unknown}
 k - a potion of invisibility {unknown}
 u - a potion of cancellation {unknown}
 B - a potion of curing
 C - a potion of brilliance {unknown}
 D - a potion of might {unknown}
 F - a potion of enlightenment {unknown}
 G - a potion of ambrosia {unknown}


   Skills:
 + Level 5.3 Fighting
 - Level 1.5 Dodging
 - Level 1.6 Stealth
 * Level 8.9 Unarmed Combat
 + Level 5.2 Invocations
 + Level 5.7 Shapeshifting


You had 8 spell levels left.
You didn't know any spells.
Your spell library contained the following spells:

 Spells                   Type           Power      Damage    Failure   Level
 Static Discharge         Conj/Air       0%         2-2/arc   56%         2
 Ignite Poison            Fire/Tmut/Pois 0%         N/A       80%         3
 Airstrike                Air            0%         2d(0-16)  99%         4
 Sticky Flame             Conj/Fire      0%         2d3       99%         4
 Summon Lightning Spire   Summ/Air       0%         N/A       99%         4
 Ignition                 Fire           0%         3d3       100%        8


Dungeon Overview and Level Annotations

Branches:
Dungeon (8/15)             Temple (0/1) D:7          Bailey (1/1)
   Lair: D:8-11

Altars:
Dithmenos
Makhleb
Nemelex Xobeh
Trog
Zin

Annotations:
D:3 2 runed translucent doors, flestrin's ghost, amateur DsSh


Innate Abilities, Weirdness & Mutations

You are a tree.
Your roots penetrate the ground, keeping you stationary.
You cannot be teleported.
You are immune to unholy pain and torment.
Your maximum health is greatly increased.
Your equipment is partially melded.
((You have razor-sharp teeth.))
Your natural rate of healing is unusually fast.
When hurt, damage is shared between your health and your magic reserves.
((Your bite disrupts and absorbs the magic of your enemies.))
Potions cannot restore your health.


Message History

The electric eel shoots out a bolt of lightning at you!
The bolt of electricity hits you. The bolt of electricity hits you!
The bolt of electricity hits the electric eel.
The electric eel completely resists.
You punch the electric eel!
The electric eel begins to glow.
Your bite misses the electric eel.
The electric eel is heavily wounded.
The electric eel shoots out a bolt of lightning at you!
The bolt of electricity hits you!
* * * LOW HITPOINT WARNING * * *
The bolt of electricity hits you.
* * * LOW HITPOINT WARNING * * *
The bolt of electricity hits the electric eel.
The electric eel completely resists.
You barely miss the electric eel.
The electric eel is heavily wounded.
The electric eel shoots out a bolt of lightning at you!
The bolt of electricity hits you!
* * * LOW HITPOINT WARNING * * *
The bolt of electricity misses you.
The bolt of electricity hits the electric eel.
The electric eel completely resists.
It was a potion of degeneration.
There was something very wrong with that liquid.
You feel weakened.
You feel dopey.
You feel clumsy.
It was a potion of curing.
That felt strangely inert.
Your transformation has ended.
You turn into a tree.
The +0 cloak of Lyg Qehe {Contam Will+ Str+7 Dex+2} melds into your body.
Your +2 helmet melds into your body.
Your +1 pair of boots melds into your body.
Your +0 scale mail melds into your body.
Your roots penetrate the ground.
You smack the electric eel!
The electric eel is almost dead.
The electric eel shoots out a bolt of lightning at you!
The bolt of electricity hits you.
* * * LOW HITPOINT WARNING * * *
The bolt of electricity hits you!
You die...

##~~~~...~~~~##
≈≈≈≈≈≈≈ #...........#
≈≈≈≈≈≈≈ #####'''#####
≈≈≈≈≈≈≈ #..'.....+
≈≈≈≈≈≈≈ #..).....+
≈≈≈≈≈≈≈#+####..#..⌠..#
≈≈≈≈≈≈≈~.#.....#.....#
≈≈≈≈≈≈≈~.#.8...#.....#
≈≈≈≈≈≈S♣.#.....#######
≈≈≈≈≈≈≈~.#.8####
≈≈≈≈≈≈≈~.#..#
≈≈≈≈≈≈≈~.#.8#
≈≈≈≈≈≈≈~.#).#
≈≈≈≈≈≈≈~.##)#
≈≈≈≈≈≈≈~.#..#
≈≈≈≈≈≈≈~.#..#
≈≈≈≈≈≈~.#..#


You could see an electric eel (contam).

Vanquished Creatures
  Grinder (D:4)
  A hornet (D:7)
  A water moccasin (D:8)
  4 orc warriors (Bailey)
  A black bear (D:6)
  A sky beast (D:7)
  2 ogres (D:5)
  2 centaurs
  3 phantoms
  A kobold brigand (D:7)
  A gnoll sergeant (D:6)
  3 scorpions
  5 wights (D:8)
  2 jellies
  A gnoll bouda (D:6)
  2 hounds
  4 iguanas
  An orc wizard (D:4)
  Robin (D:3)
  16 gnolls
  9 adders
  A white imp (D:6)
  A worm (D:2)
  3 dart slugs
  13 orcs
  6 bats
  6 endoplasms
  A giant cockroach (D:1)
  14 goblins
  10 hobgoblins
  10 kobolds
  4 quokkas
  7 ball pythons
  4 frilled lizards
  5 rats
147 creatures vanquished.

Notes
Turn   | Place    | Note
-------+----------+-------------------------------------------
     0 | D:1      | night the Vine Stalker Shapeshifter began the quest for the
                  | Orb.
     0 | D:1      | Reached XP level 1. HP: 9/9 MP: 2/2
    89 | D:1      | Reached skill level 1 in Fighting
   210 | D:1      | Reached XP level 2. HP: 13/14 MP: 3/3
   389 | D:1      | Found a faded altar of an unknown god.
   396 | D:1      | Prayed at the altar of an unknown god.
   396 | D:1      | Became a worshipper of Dithmenos the Shadowed
   396 | D:1      | Reached * piety under Dithmenos
   638 | D:1      | Reached XP level 3. HP: 18/18 MP: 4/4
  1073 | D:2      | Found a sparkling altar of Nemelex Xobeh.
  1182 | D:2      | Reached skill level 4 in Unarmed Combat
  1214 | D:2      | Reached ** piety under Dithmenos
  1215 | D:2      | Gained mutation: Your natural rate of healing is unusually
                  | fast. [Vine Stalker growth]
  1215 | D:2      | Reached XP level 4. HP: 23/23 MP: 5/5
  1533 | D:3      | Reached skill level 2 in Fighting
  1641 | D:3      | Identified the +2 scale mail of the Tsukumogami {rPois
                  | SInv}
  1679 | D:3      | Found a large runed translucent door.
  1682 | D:3      | Found a large runed translucent door.
  1724 | D:3      | Noticed flestrin's ghost (amateur DsSh)
  1877 | D:3      | Noticed Robin
  1894 | D:3      | Killed Robin
  1895 | D:3      | Reached XP level 5. HP: 25/26 MP: 6/6
  2148 | D:4      | Reached skill level 1 in Invocations
  2211 | D:4      | Reached XP level 6. HP: 19/32 MP: 5/8
  2317 | D:4      | Reached skill level 5 in Unarmed Combat
  2347 | D:4      | Noticed Grinder
  2348 | D:4      | Paralysed by Grinder for 3 turns
  2358 | D:4      | Killed Grinder
  2359 | D:4      | Reached skill level 2 in Invocations
  2359 | D:4      | Reached XP level 7. HP: 21/36 MP: 9/9
  2513 | D:4      | HP: 4/29 [scorpion (2)]
  2518 | D:4      | HP: 3/29 [poisoned by a scorpion]
  2820 | D:5      | Entered Level 5 of the Dungeon
  2840 | D:5      | Reached skill level 6 in Unarmed Combat
  2966 | D:5      | Reached *** piety under Dithmenos
  3145 | D:5      | Gained mutation: You have razor-sharp teeth. [Vine Stalker
                  | growth]
  3145 | D:5      | Reached XP level 8. HP: 33/41 MP: 8/11
  3351 | D:5      | Found a bloodstained altar of Trog.
  3730 | D:6      | Reached skill level 7 in Unarmed Combat
  3880 | D:6      | Reached skill level 5 in Shapeshifting
  4169 | D:7      | Noticed a hornet
  4176 | D:7      | Paralysed by a hornet for 1 turns
  4184 | D:7      | Killed a hornet
  4185 | D:7      | Reached XP level 9. HP: 13/46 MP: 11/13
  4277 | D:7      | Reached skill level 8 in Unarmed Combat
  4369 | D:7      | Identified a scroll of acquirement
  4369 | D:7      | Acquired the +0 cloak of Lyg Qehe {Contam Will+ Str+7
                  | Dex+2}
  4637 | D:7      | Found a staircase to the Ecumenical Temple.
  4822 | D:7      | Found a burning altar of Makhleb.
  4826 | D:7      | Found a glowing silver altar of Zin.
  4827 | D:7      | Noticed a green death
  4827 | D:7      | Noticed an angel
  5247 | D:8      | Found a flagged portal.
  5255 | D:8      | Reached skill level 1 in Stealth
  5258 | D:8      | Reached skill level 5 in Fighting
  5288 | D:8      | Identified the +6 hand axe of Cifarr {heavy, *Noise +Blink
                  | rN+}
  5291 | Bailey   | Entered a bailey
  5335 | Bailey   | Reached skill level 5 in Invocations
  5388 | Bailey   | Reached **** piety under Dithmenos
  5423 | Bailey   | HP: 1/45 [electric eel/bolt of electricity (8)]
  5427 | Bailey   | Killed from afar by an electric eel

Illustrated notes

Levels and vault maps discovered:
D:1:      saegor_arrival_simple_b, layout_loops_corners,
          dreamdust_ecumenical_altar_hidden_monk_grotto
D:2:      layout_basic, basic_altar, minmay_misc_feat_four_crosses
D:3:      layout_basic, ebering_ghost_disaster_area, uniq_robin
D:4:      layout_cave_pools, uniq_grinder
D:5:      layout_gridville, mainiacjoe_overflow_surrounded_room,
          serial_bayou_ford_a, dreamdust_princess_corridor, serial_bayou_pond_e
D:6:      layout_rooms
D:7:      layout_basic, grunt_temple_overflow_order_and_chaos_2,
          minmay_temple_entry_antechambers
D:8:      cheibrodos_fertilizer, layout_loops_ring, enter_bailey_2, special_room
          [special_room_orc], serial_shops, nicolae_inconvenience_store,
          hangedman_decor_growths
Bailey:   bailey_axe_of_yendor_kennysheep, bailey

Skill      XL: |  1  2  3  4  5  6  7  8  9 |
---------------+----------------------------+-----
Fighting       | 1 2 3 4 5 |  5.3
Unarmed Combat | 4 5 6 7 8 |  8.9
Invocations    | 1 2 3 4 5 |  5.2
Shapeshifting  | 4 5 |  5.7
Stealth        | 1 |  1.6
Dodging        | |  1.5

Action                     |  1- 3 |  4- 6 |  7- 9 || total
---------------------------+-------+-------+-------++-------
  Melee: Unarmed           |    79 |    96 |   294 ||   469
         Bite              |    12 |    23 |   119 ||   154
         Punch             |     1 |       |       ||     1
Ability: Begin Untransform |       |     1 |       ||     1
    Use: Scroll            |       |       |     6 ||     6
         Potion            |       |       |     3 ||     3
   Stab: Sleeping          |     1 |     1 |       ||     2
 Armour: Animal skin       |    16 |       |       ||    16
         Scale mail        |       |    24 |    78 ||   102
  Dodge: Dodged            |    51 |    52 |   166 ||   269
   Form: Flux              |       |     1 |       ||     1

Table legend: (Time is in decaauts)
 A = Elapsed time spent in this place.
 B = Non-inter-level travel time spent in this place.
 C = Inter-level travel time spent in this place.
 D = Time resting spent in this place.
 E = Time spent auto-exploring this place.
 F = Levels seen in this place.
 G = Mean time per level.
                   A        B        C        D        E       F      G
               +--------+--------+--------+--------+--------+-----+--------+
         Total |   5392 |   5155 |    237 |      7 |   4048 |   9 |  599.1 |
       Dungeon |   5263 |   5026 |    237 |      7 |   4048 |   8 |  657.9 |
        Bailey |    129 |    129 |      0 |      0 |      0 |   1 |  129.0 |
               +--------+--------+--------+--------+--------+-----+--------+

Top non-repeatable levels by time:
     D:7: 1033 daAuts
     D:1: 992 daAuts
     D:4: 692 daAuts
     D:6: 681 daAuts
     D:5: 659 daAuts
     D:3: 615 daAuts
     D:2: 505 daAuts
  Bailey: 129 daAuts
     D:8: 83 daAuts
